 Dungeon Sprint DCSS version 0.27-a0-103-g6cd7b45605 (webtiles) character file.

Game seed: 2840502507338543339

49705 mhtbhm the Archmage (level 14, 0/70 HPs)
             Began as a Deep Elf Earth Elementalist on Jan 23, 2021.
             Was the Champion of Vehumet.
             Incinerated by a red very ugly thing (5 damage)
             ... in the Dungeon (Sprint IX: "|||||||||||||||||||||||||||||").
             The game lasted 00:20:10 (8974 turns).

mhtbhm the Archmage (Deep Elf Earth Elementalist)   Turns: 8974, Time: 00:20:11

Health: 0/70       AC: 17    Str:  6    XL:     14   Next: 17%
Magic:  17/47      EV: 14    Int: 27    God:    Vehumet [******]
Gold:   411        SH:  5    Dex: 16    Spells: 26/67 levels left

rFire    . . .     SeeInvis .   a - +2 rapier (drain)
rCold    . . .     Faith    .   (no shield)
rNeg     + . .     Spirit   .   b - +0 swamp dragon scales
rPois    +         Reflect  +   (no helmet)
rElec    .         Harm     .   n - +1 cloak
rCorr    .         Rampage  .   v - +0 pair of gloves
Will     +....     NoTele   +   B - +1 pair of boots
Stlth    +.........             x - amulet of reflection
HPRegen  0.21/turn              w - ring of the Octopus King {rN+ AC+1 EV+1 Str+1 Int+1 Dex+1}
MPRegen  0.30/turn              q - +2 ring of protection

@: liquid flames, glowing
A: no striking features
a: Renounce Religion


You were in the Dungeon.
You worshipped Vehumet.
Vehumet was exalted by your worship.
You visited 1 branch You collected 1934 gold pieces.
You spent 1523 gold pieces at shops.

Inventory:

Hand Weapons
 a - a +2 rapier of draining (weapon)
Armour
 b - +0 swamp dragon scales (worn)
 c - a +0 robe
 n - a +1 cloak (worn)
 v - a +0 pair of gloves (worn)
 B - a +1 pair of boots (worn)
Jewellery
 q - a +2 ring of protection (right hand)
 w - a ring of the Octopus King (left hand) {rN+ AC+1 EV+1 Str+1 Int+1 Dex+1}
   (You bought it in a shop in the Dungeon)

   [ring of positive energy]

   It affects your AC (+1).
   It affects your evasion (+1).
   It affects your strength (+1).
   It affects your intelligence (+1).
   It affects your dexterity (+1).
   It protects you from negative energy.
 x - an amulet of reflection (around neck)
 y - an uncursed ring of protection from fire
Wands
 l - a wand of iceblast (7)
Scrolls
 i - 3 scrolls of blinking
 j - 4 scrolls of remove curse
 k - 2 scrolls of amnesia
 s - 6 scrolls of enchant armour
 t - 2 scrolls of fog
 u - 3 scrolls of identify
Potions
 d - 4 potions of curing
 e - 7 potions of heal wounds
 f - a potion of haste
 g - 3 potions of magic
 h - 3 potions of berserk rage
 m - a potion of invisibility
 o - a potion of might
 r - a potion of resistance
Miscellaneous
 p - a condenser vane


   Skills:
 + Level 1.1 Fighting
 + Level 3.6 Short Blades
 + Level 4.9 Armour
 + Level 7.9 Dodging
 + Level 7.1 Stealth
 + Level 2.2 Shields
 O Level 27 Spellcasting
 + Level 4.4 Conjurations
 + Level 10.8 Transmutations
 O Level 27 Earth Magic
 + Level 3.1 Evocations


You had 26 spell levels left.
You knew the following spells:

 Your Spells              Type           Power        Failure   Level
a - Sandblast             Erth           100%         0%          1
b - Passwall              Tmut/Erth      79%          0%          2
c - Stone Arrow           Conj/Erth      100%         0%          3
d - Lee's Rapid Deconstr  Erth           55%          0%          5
e - Petrify               Tmut/Erth      95%          0%          4
f - Shatter               Erth           55%          1%          9
g - Lehudib's Crystal Sp  Conj/Erth      44%          7%          8
h - Absolute Zero         Ice            18%          100%        9

Your spell library contained the following spells:

 Spells                   Type           Power        Failure   Level


Dungeon Overview and Level Annotations

Branches:
Dungeon (1/1)

Altars:
Cheibriados
Dithmenos
Elyvilon
Fedhas
Gozag
Hepliaklqana
Kikubaaqudgha
Makhleb
Nemelex Xobeh
Okawaru
Qazlal
Ru
Sif Muna
Trog
Uskayaw
Vehumet
Wu Jian
Xom
Yredelemnul
Zin
The Shining One
Beogh
Jiyva
Lugonu

Shops:
D =}((


Message History

Aiming: Petrify (safe; 0% risk of failure)
Press: ? - help, Shift-Dir - straight line, f/p - red very ugly thing
Aim: a red very ugly thing (chance to affect: 73%)
The red very ugly thing is moving more slowly.
You are covered in liquid flames!
The red very ugly thing tentacle-slaps you!
You are covered in liquid flames.
You are covered in liquid flames!
You are covered in liquid flames!
* * * LOW HITPOINT WARNING * * *
You are covered in liquid flames!
* * * LOW HITPOINT WARNING * * *
You feel better.
You are covered in liquid flames!
* * * LOW HITPOINT WARNING * * *
Unknown command.
You are covered in liquid flames!
* * * LOW HITPOINT WARNING * * *
You are covered in liquid flames!
You die...

▓▓▓▓▓▓▓▓▓▓▓▓▓▓▓▓▓▓▓▓▓▓▓▓▓▓▓▓▓▓▓▓▓
..............u.@..).............
▓▓▓▓▓▓▓▓▓▓▓▓.♣♣♣♣♣♣♣♣♣▓▓▓▓▓▓▓▓▓▓▓
[.)........[[.........'..........
▓▓▓▓▓▓▓▓▓▓▓▓♣♣♣♣♣♣♣♣♣♣▓▓▓▓▓▓▓▓▓▓▓
.............................)...
▓▓▓▓▓▓▓▓▓▓▓▓▓▓▓▓▓▓▓▓▓▓▓▓▓▓▓▓▓▓▓▓▓
..(((...)).[.............'.......
▓▓▓▓▓▓▓▓▓▓▓▓▓▓▓▓▓▓▓▓▓▓▓▓▓▓▓▓▓▓▓▓▓
...).............................


You could see a red very ugly thing (petrifying).

Vanquished Creatures
  2 nagarajas (D)
  A tengu reaver (D)
  A fire giant (D)
  A very ugly thing (D)
  Nessos (D)
  An eleionoma (D)
  A merfolk impaler (D)
  A great orb of eyes (D)
  4 fire dragons (D)
  A yaktaur captain (D)
  An ogre mage (D)
  Erolcha (D)
  A naga warrior (D)
  3 spriggan air magi (D)
  3 hydras (D)
  2 rakshasas (D)
  5 two-headed ogres (D)
  A deep troll earth mage (D)
  2 orc high priests (D)
  A spriggan berserker (D)
  2 spriggan druids (D)
  2 goliath frogs (D)
  2 bog bodies (D)
  8 orc knights (D)
  5 lindwurms (D)
  2 wolf spiders (D)
  A necromancer (D)
  A harpy (D)
  An ugly thing (D)
  2 manticores (D)
  A salamander (D)
  2 black mambas (D)
  2 naga magi (D)
  A torpor snail (D)
  2 water nymphs (D)
  A gargoyle (D)
  A cane toad (D)
  3 rime drakes (D)
  3 komodo dragons (D)
  2 yaktaurs (D)
  2 demonic crawlers (D)
  4 tyrant leeches (D)
  3 merfolk (D)
  A troll (D)
  A wind drake (D)
  2 slime creatures (D)
  2 redbacks (D)
  2 tarantellas (D)
  A wraith (D)
  A basilisk (D)
  4 yaks (D)
  A wyvern (D)
  A vampire mosquito (D)
  A naga (D)
  A soldier ant (D)
  A water moccasin (D)
  14 orc warriors (D)
  2 boggarts (D)
  A centaur (D)
  A wolf (D)
  4 bullfrogs (D)
  A scorpion (D)
  An orc priest (D)
  A hound (D)
  An iguana (D)
  5 orc wizards (D)
  An ufetubus (D)
  An adder skeleton (D)
  9 orcs (D)
  A bat skeleton (D)
  A giant cockroach (D)
  2 bats (D)
  A frilled lizard (D)
  A jackal skeleton (D)
  A kobold (D)
155 creatures vanquished.

Notes
Turn   | Place    | Note
-------+----------+-------------------------------------------
     0 | D        | mhtbhm the Deep Elf Earth Elementalist began the quest for
                  | the Orb.
     0 | D        | Reached XP level 1. HP: 10/10 MP: 6/6
   183 | D        | Noticed an orc priest
   183 | D        | Noticed a scorpion
   183 | D        | Noticed a centaur
   187 | D        | Killed an orc priest
   188 | D        | Reached skill level 5 in Earth Magic
   188 | D        | Reached XP level 2. HP: 15/15 MP: 4/11
   188 | D        | Reached XP level 3. HP: 19/19 MP: 4/12
   191 | D        | Killed a scorpion
   192 | D        | Reached XP level 4. HP: 24/24 MP: 0/15
   194 | D        | Killed a centaur
   195 | D        | Reached XP level 5. HP: 20/28 MP: 14/18
   199 | D        | Learned a level 2 spell: Passwall
   203 | D        | Learned a level 3 spell: Stone Arrow
   209 | D        | Learned a level 5 spell: Lee's Rapid Deconstruction
   214 | D        | Learned a level 4 spell: Petrify
   282 | D        | Found a roughly hewn altar of Beogh.
   282 | D        | Found a snail-covered altar of Cheibriados.
   282 | D        | Found a shadowy altar of Dithmenos.
   282 | D        | Found a white marble altar of Elyvilon.
   282 | D        | Found a blossoming altar of Fedhas.
   282 | D        | Found an opulent altar of Gozag.
   283 | D        | Found a hazy altar of Hepliaklqana.
   284 | D        | Found a viscous altar of Jiyva.
   285 | D        | Found an ancient bone altar of Kikubaaqudgha.
   286 | D        | Found a corrupted altar of Lugonu.
   287 | D        | Found a burning altar of Makhleb.
   288 | D        | Found a sparkling altar of Nemelex Xobeh.
   289 | D        | Found an iron altar of Okawaru.
   290 | D        | Found a stormy altar of Qazlal.
   291 | D        | Found a sacrificial altar of Ru.
   292 | D        | Found a shimmering blue altar of Sif Muna.
   293 | D        | Found a bloodstained altar of Trog.
   294 | D        | Found a hide-covered altar of Uskayaw.
   295 | D        | Found a radiant altar of Vehumet.
   296 | D        | Found an ornate altar of the Wu Jian Council.
   297 | D        | Found a shimmering altar of Xom.
   298 | D        | Found a basalt altar of Yredelemnul.
   299 | D        | Found a glowing silver altar of Zin.
   300 | D        | Found a glowing golden altar of the Shining One.
   303 | D        | Became a worshipper of Vehumet
   343 | D        | Noticed a two-headed ogre
   343 | D        | Noticed a gargoyle
   350 | D        | Killed a two-headed ogre
   351 | D        | Reached skill level 1 in Short Blades
   351 | D        | Reached skill level 5 in Stealth
   351 | D        | Reached XP level 6. HP: 24/32 MP: 14/24
   351 | D        | Reached XP level 7. HP: 27/36 MP: 15/26
   354 | D        | Reached * piety under Vehumet
   354 | D        | Offered knowledge of Foxfire by Vehumet.
   356 | D        | Killed a gargoyle
   357 | D        | Reached XP level 8. HP: 28/41 MP: 3/28
   358 | D        | Reached ** piety under Vehumet
   581 | D        | Noticed a two-headed ogre
   581 | D        | Noticed a troll
   581 | D        | Noticed a two-headed ogre
   586 | D        | Offered knowledge of Searing Ray by Vehumet.
   588 | D        | Killed a troll
   589 | D        | Reached skill level 15 in Spellcasting
   589 | D        | Killed a two-headed ogre
   590 | D        | Reached XP level 9. HP: 46/46 MP: 8/31
   596 | D        | Killed a two-headed ogre
   596 | D        | Reached *** piety under Vehumet
   597 | D        | Reached skill level 15 in Earth Magic
   982 | D        | Noticed a komodo dragon
   982 | D        | Noticed a rime drake
   985 | D        | Killed a komodo dragon
   985 | D        | Offered knowledge of Frozen Ramparts by Vehumet.
   986 | D        | Reached **** piety under Vehumet
   987 | D        | Killed a rime drake
   991 | D        | Noticed a komodo dragon
   992 | D        | Reached XP level 10. HP: 41/51 MP: 13/34
   994 | D        | Reached ***** piety under Vehumet
   995 | D        | Reached skill level 1 in Fighting
  1143 | D        | Offered knowledge of Olgreb's Toxic Radiance by Vehumet.
  1385 | D        | Noticed a five-headed hydra
  1388 | D        | Noticed a seven-headed hydra
  1394 | D        | Offered knowledge of Fireball by Vehumet.
  1401 | D        | Killed a five-headed hydra
  1409 | D        | Killed a seven-headed hydra
  1476 | D        | Noticed a five-headed hydra
  1483 | D        | Killed a five-headed hydra
  1541 | D        | Noticed a cane toad
  1546 | D        | Killed a cane toad
  1546 | D        | Reached ****** piety under Vehumet
  1546 | D        | Offered knowledge of Ozocubu's Refrigeration by Vehumet.
  1547 | D        | Reached XP level 11. HP: 56/56 MP: 7/37
  1881 | D        | Noticed a lindwurm
  1881 | D        | Noticed a lindwurm
  1881 | D        | Noticed a lindwurm
  1881 | D        | Noticed a lindwurm
  1885 | D        | Killed a lindwurm
  1886 | D        | Killed a lindwurm
  1886 | D        | Noticed a lindwurm
  1889 | D        | Killed a lindwurm
  1890 | D        | Killed a lindwurm
  1897 | D        | Killed a lindwurm
  1899 | D        | Offered knowledge of Bolt of Magma by Vehumet.
  2294 | D        | Offered knowledge of Irradiate by Vehumet.
  2552 | D        | Noticed an orc high priest
  2552 | D        | Noticed an orc high priest
  2552 | D        | Noticed an orc knight
  2559 | D        | Noticed a soul eater
  2559 | D        | Killed an orc high priest
  2560 | D        | Reached skill level 1 in Conjurations
  2566 | D        | Killed an orc high priest
  2567 | D        | Reached skill level 5 in Transmutations
  2775 | D        | Killed an orc knight
  2960 | D        | Offered knowledge of Starburst by Vehumet.
  3140 | D        | Noticed an orc knight
  3145 | D        | Killed an orc knight
  3456 | D        | Found Jagoicva's Jewellery Emporium.
  3456 | D        | Noticed an orc knight
  3456 | D        | Noticed an orc knight
  3456 | D        | Noticed an orc knight
  3467 | D        | Killed an orc knight
  3476 | D        | Killed an orc knight
  3476 | D        | Offered knowledge of Lightning Bolt by Vehumet.
  3509 | D        | Killed an orc knight
  3857 | D        | Reached XP level 12. HP: 60/60 MP: 19/41
  4222 | D        | Offered knowledge of Conjure Ball Lightning by Vehumet.
  4674 | D        | Found Huif Ifa's Gadget Shoppe.
  4678 | D        | Found Adid's Antique Weapon Emporium.
  4682 | D        | Found Cataigh's Weapon Shoppe.
  4777 | D        | Bought a ring of the Octopus King {rN+ AC+1 EV+1 Str+1
                  | Int+1 Dex+1} for 583 gold pieces
  4777 | D        | Found the ring of the Octopus King {rN+ AC+1 EV+1 Str+1
                  | Int+1 Dex+1}
  4777 | D        | Bought an uncursed amulet of reflection for 420 gold pieces
  4787 | D        | Bought a condenser vane for 520 gold pieces
  4831 | D        | Noticed Erolcha
  4834 | D        | Killed Erolcha
  5059 | D        | Noticed an ogre mage
  5059 | D        | Noticed a two-headed ogre
  5064 | D        | Killed an ogre mage
  5068 | D        | Killed a two-headed ogre
  5068 | D        | Offered knowledge of Freezing Cloud by Vehumet.
  5071 | D        | Noticed a white very ugly thing
  5072 | D        | Noticed a two-headed ogre
  5386 | D        | Killed a white very ugly thing
  5530 | D        | Killed a two-headed ogre
  5700 | D        | Noticed a deep troll earth mage
  5704 | D        | Killed a deep troll earth mage
  5705 | D        | Noticed a fire dragon
  5710 | D        | Killed a fire dragon
  5809 | D        | Noticed a fire dragon
  5814 | D        | Killed a fire dragon
  6087 | D        | Noticed a fire dragon
  6094 | D        | Killed a fire dragon
  6094 | D        | Offered knowledge of Lehudib's Crystal Spear by Vehumet.
  6094 | D        | Offered knowledge of Shatter by Vehumet.
  6094 | D        | Offered knowledge of Absolute Zero by Vehumet.
  6219 | D        | Learned a level 9 spell: Shatter
  6228 | D        | Learned a level 8 spell: Lehudib's Crystal Spear
  6241 | D        | Learned a level 9 spell: Absolute Zero
  6266 | D        | Noticed Nessos
  6271 | D        | Killed Nessos
  6272 | D        | Reached skill level 1 in Armour
  6522 | D        | Reached XP level 13. HP: 64/64 MP: 37/44
  6653 | D        | Noticed a merfolk impaler
  6666 | D        | Killed a merfolk impaler
  6679 | D        | Reached skill level 1 in Evocations
  7238 | D        | Noticed a nagaraja
  7251 | D        | Killed a nagaraja
  7252 | D        | Reached skill level 27 in Spellcasting
  7253 | D        | Reached skill level 1 in Shields
  7576 | D        | Noticed a nagaraja
  7584 | D        | Killed a nagaraja
  7969 | D        | Noticed an eleionoma
  7978 | D        | Killed an eleionoma
  8225 | D        | Noticed a fire dragon
  8229 | D        | Noticed a tengu reaver
  8230 | D        | Killed a fire dragon
  8236 | D        | Killed a tengu reaver
  8240 | D        | Reached XP level 14. HP: 44/70 MP: 23/47
  8886 | D        | Noticed a fire giant
  8895 | D        | Killed a fire giant
  8896 | D        | Reached skill level 10 in Transmutations
  8896 | D        | Reached skill level 27 in Earth Magic
  8914 | D        | Noticed a red very ugly thing
  8974 | D        | Incinerated by a red very ugly thing

Illustrated notes

Levels and vault maps discovered:
D:        linesprint [early_d, line_temple, items_1, d_10, items_2, lair_1,
          lair_end, items_3, orc_1, orc_end, items_4, d_15, swamp_1, shoals_1,
          snake_1, spider_1, d_20, vaults_1, items_5, swamp_end, shoals_end,
          snake_end, spider_end, vaults_end, d_27, items_6, zot_1, zot_end,
          crypt_end, forest_end, elf_end, slime_end, tomb_end, abyss_end,
          pan_hell_end]

Skill      XL: |  1  2  3  4  5  6  7  8  9 10 11 12 13 14 |
---------------+-------------------------------------------+-----
Spellcasting   | 6 7 9 13 14 16 18 20 23 25 27 | 27.0
Dodging        | 3 4 6 7 |  7.9
Stealth        | 3 5 6 7 |  7.1
Earth Magic    | 5 7 8 12 13 14 16 18 21 23 26 27 | 27.0
Short Blades   | 1 2 3 |  3.6
Transmutations | 2 3 4 5 7 9 10 | 10.8
Fighting       | 1 |  1.1
Conjurations   | 1 3 4 |  4.4
Armour         | 1 4 |  4.9
Evocations     | 2 3 |  3.1
Shields        | 2 |  2.2

Action                   |  1- 3 |  4- 6 |  7- 9 | 10-12 | 13-15 || total
-------------------------+-------+-------+-------+-------+-------++-------
Melee: Rapier            |       |     2 |       |     6 |     5 ||    13
 Cast: Sandblast         |    14 |     7 |     6 |     4 |       ||    31
       Lee's Rapid Decon |       |       |    17 |   132 |    41 ||   190
       Petrify           |       |       |     1 |    47 |    23 ||    71
       Stone Arrow       |       |       |     1 |     7 |     8 ||    16
       Shatter           |       |       |       |       |    12 ||    12
       Lehudib's Crystal |       |       |       |       |     4 ||     4
Evoke: Wand              |       |       |     1 |       |     2 ||     3
       Condenser vane    |       |       |       |       |     5 ||     5
  Use: Potion            |       |     1 |       |     2 |     4 ||     7
       Scroll            |       |       |       |     1 |       ||     1
Armor: Robe              |       |       |       |     1 |       ||     1
       Swamp dragon scal |       |       |       |     1 |    10 ||    11
Dodge: Dodged            |     3 |     9 |     5 |    11 |    17 ||    45
Block: Other             |       |       |       |       |     6 ||     6
       Reflection        |       |       |       |       |     1 ||     1

Table legend: (Time is in decaauts)
 A = Elapsed time spent in this place.
 B = Non-inter-level travel time spent in this place.
 C = Inter-level travel time spent in this place.
 D = Time resting spent in this place.
 E = Time spent auto-exploring this place.
 F = Levels seen in this place.
 G = Mean time per level.
                   A        B        C        D        E       F      G
               +--------+--------+--------+--------+--------+-----+--------+
         Total |   8993 |   8993 |      0 |   6419 |    989 |   1 | 8993.0 |
       Dungeon |   8993 |   8993 |      0 |   6419 |    989 |   1 | 8993.0 |
               +--------+--------+--------+--------+--------+-----+--------+

Top non-repeatable levels by time:
       D: 8993 daAuts
